 Dungeon Crawl Stone Soup version 0.19-a0-1827-g174f941 (webtiles) character file.

66 pokedragonboy the Conjurer (level 3, -13/19 HPs)
             Began as a Deep Elf Conjurer on Oct 8, 2016.
             Killed by divine providence
             ... invoked by an orc priest
              (14 damage)
             ... on level 3 of the Dungeon.
             The game lasted 00:05:49 (2349 turns).

pokedragonboy the Conjurer (Deep Elf Conjurer)      Turns: 2349, Time: 00:05:51

Health: -13/19     AC:  4    Str:  5    XL:     3   Next: 96%
Magic:  2/10       EV: 13    Int: 20    God:
Gold:   105        SH:  0    Dex: 15    Spells: 3 memorised, 3 levels left

rFire  . . .     SeeInvis .     (no weapon)
rCold  + . .     Gourm    .     a - +1 robe
rNeg   . . .     Faith    .     (no shield)
rPois  .         Spirit   .     (no helmet)
rElec  .         Dismiss  .     (no cloak)
rCorr  .         Reflect  .     (no gloves)
MR     .....     Harm     .     e - +0 pair of boots
Stlth  ++........               (no amulet)
                                (no ring)
                                h - ring of protection from cold

@: flying
A: no striking features
a: no special abilities


You were on level 3 of the Dungeon.
You were not hungry.

You visited 1 branch of the dungeon, and saw 3 of its levels.

You collected 105 gold pieces.

Inventory:

Armour
 a - a +1 robe (worn)
 e - a +0 pair of boots (worn)
Jewellery
 h - a ring of protection from cold (left hand)
Scrolls
 i - a scroll of recharging
 n - a scroll of enchant weapon
Potions
 d - a potion of brilliance
 k - a potion of might {unknown}
 m - a potion of berserk rage {unknown}
 q - a potion of invisibility {unknown}
 s - a potion of resistance {unknown}
Books
 b - a book of Conjurations

   Spells                             Type                      Level
   a - Magic Dart                     Conjuration                  1
   b - Searing Ray                    Conjuration                  2
   c - Dazzling Spray                 Conjuration/Hexes            3
   d - Fulminant Prism                Conjuration/Hexes            4
   e - Iskenderun's Mystic Blast      Conjuration                  4
   f - Iskenderun's Battlesphere      Conjuration/Charms           5
Comestibles
 c - 3 bread rations
 g - 3 meat rations
 r - 2 beef jerkies


   Skills:
 - Level 2.5 Dodging
 - Level 2.4 Stealth
 + Level 3.5 Spellcasting
 * Level 5.8 Conjurations


You had 3 spell levels left.
You knew the following spells:

 Your Spells              Type           Power        Failure   Level  Hunger
a - Magic Dart            Conj           ####         1%          1    None
b - Searing Ray           Conj           ####..       1%          2    ##.....
c - Dazzling Spray        Conj/Hex       ###...       14%         3    ###....


Dungeon Overview and Level Annotations

Branches:
Dungeon (3/15)

Altars:
Cheibriados


Message History

* * * LOW HITPOINT WARNING * * *
Casting: Magic Dart
Confirm with . or Enter, or press ? or * to list all spells.
Aiming: Magic Dart
Press: ? - help, Shift-Dir - straight line, f/p - orc priest
Aim: an orc priest, wielding a dagger and wearing a leather armour (almost dead)
Okay, then.
Okay, then.
You feel better.
The orc priest invokes the aid of Beogh against you.
Beogh smites you!
Ouch! That really hurt!
* * * LOW HITPOINT WARNING * * *
It was a potion of flight.
You feel very buoyant.
You fly up into the air.
The orc misses you.
The orc priest mumbles some strange prayers to Beogh against you.
Beogh smites you!
Ouch! That really hurt!
You die...

#..# #..# . #..#
### ..# #..# #..
....##..# #.#
....>.# #.# #...#
#.# #oo.#######.#
......#oo@......#
..#.o #########.#
.o. #)# ..#
##.##### .
##......#
#.......#
##...#..#
##.##..#
######..#


You could see 2 orc priests and 2 orcs.

Vanquished Creatures
  An adder (D:2)
  5 dart slugs
  2 leopard geckos
  An orc (D:3)
  3 bats
  A giant cockroach (D:1)
  7 hobgoblins
  4 jackals (D:1)
  2 ball pythons
  5 frilled lizards
  8 kobolds
  3 rats (D:1)
42 creatures vanquished.

Notes
Turn   | Place    | Note
-------+----------+-------------------------------------------
     0 | D:1      | pokedragonboy the Deep Elf Conjurer began the quest for the Orb.
     0 | D:1      | Reached XP level 1. HP: 10/10 MP: 6/6
   322 | D:1      | Reached XP level 2. HP: 15/15 MP: 2/8
   512 | D:1      | Reached skill level 5 in Conjurations
  1325 | D:1      | Reached XP level 3. HP: 19/19 MP: 5/9
  1547 | D:2      | Learned a level 2 spell: Searing Ray
  1551 | D:2      | Learned a level 3 spell: Dazzling Spray
  2011 | D:2      | Found a snail-covered altar of Cheibriados.
  2349 | D:3      | Killed from afar by an orc priest

Vault maps used:
D:1:      dpeg_arrival_water_fire
D:2:      overflow_temple_1_default
D:3:      ecumenical_altar_2, columned_hall_lemuel

Skill      XL: |  1  2 |
---------------+-------+-----
Conjurations   | 5 |  5.8
Dodging        | |  2.5
Stealth        | |  2.4
Spellcasting   | |  3.5

Action                   || total
-------------------------++-------
Melee: Unarmed           ||     6
 Cast: Magic Dart        ||    89
       Dazzling Spray    ||     1
       Searing Ray       ||     1
  Use: Scroll            ||    11
       Potion            ||     3
  Eat: Chunk             ||     4
Armor: Robe              ||    10
Dodge: Dodged            ||    12
